 Dungeon Crawl Stone Soup version 0.23.2-1-ga50397a (webtiles) character file.

Game seed: 2081657433412154942

181 Fang the Skirmisher (level 5, -1/51 HPs)
             Began as a Gargoyle Berserker on May 8, 2019.
             Was a Priest of Trog.
             Killed from afar by Natasha (4 damage)
             ... with a magic dart
             ... on level 3 of the Dungeon.
             The game lasted 00:02:45 (2962 turns).

Fang the Skirmisher (Gargoyle Berserker)            Turns: 2962, Time: 00:02:45

Health: -1/51      AC:  6    Str: 30    XL:     5   Next: 61%
Magic:  5/5        EV: 12    Int:  8    God:    Trog [***...]
Gold:   93         SH:  0    Dex:  9    Spells: 4/4 levels left

rFire    . . .     SeeInvis .   a - +0 war axe
rCold    . . .     Gourm    .   (no shield)
rNeg     + . .     Faith    .   b - +0 animal skin
rPois    ∞         Spirit   .   (no helmet)
rElec    +         Reflect  .   (no cloak)
rCorr    .         Harm     .   (no gloves)
MR       .....                  (no boots)
Stlth    ..........             (no amulet)
HPRegen  0.17/turn              l - +4 ring of strength
MPRegen  0.09/turn              (no ring)

@: berserking, slowed
A: negative energy resistance 1, electricity resistance, unbreathing,
petrification resistance, rot immunity, AC +4
a: Berserk, Trog's Hand, Renounce Religion


You were on level 3 of the Dungeon.
You worshipped Trog.
Trog was most pleased with you.
You were hungry.

You visited 1 branch of the dungeon, and saw 3 of its levels.

You collected 93 gold pieces.

Inventory:

Hand Weapons
 a - a +0 war axe (weapon)
Armour
 b - a +0 animal skin (worn)
Jewellery
 l - a +4 ring of strength (left hand)
Scrolls
 f - a scroll of enchant armour {unknown}
 g - 3 scrolls of identify {unknown}
 h - 4 scrolls of teleportation {unknown}
 j - 2 scrolls of fog {unknown}
 k - a scroll of magic mapping {unknown}
Potions
 d - a potion of resistance {unknown}
 e - a potion of agility {unknown}
 i - 2 potions of haste {unknown}
 m - a potion of degeneration {unknown}
 n - a potion of flight {unknown}
 o - a potion of might {unknown}
 q - a potion of brilliance {unknown}
Comestibles
 c - 8 rations
 p - 10 chunks of flesh


   Skills:
 + Level 4.3 Fighting
 + Level 3.6 Axes
 + Level 3.6 Armour
 + Level 2.6 Dodging


You had 4 spell levels left.
You didn't know any spells.
Your spell library was empty.

Dungeon Overview and Level Annotations

Branches:
Dungeon (3/15)

Altars:

Annotations:
D:3 Natasha


Innate Abilities, Weirdness & Mutations

You are resistant to torment.
Your stone body is resilient. (AC +4)
You are immune to poison.
You resist negative energy. (rN+)
You are resistant to electric shocks. (rElec)
You can survive without breathing.
You are immune to petrification.
You are immune to rotting.


Message History

You closely miss Natasha.
Natasha is almost dead.
You hit the crimson imp.
The crimson imp blinks!
Natasha howls an incantation.
You feel troubled. Natasha claws you but does no damage.
Natasha mumbles some strange words.
The crimson imp blinks!
You closely miss Natasha.
Natasha is almost dead.
Natasha barely misses you.
The shadow imp lashes its tail.
Natasha claws you.
* * * LOW HITPOINT WARNING * * *
A red film seems to cover your vision as you go berserk!
You feel yourself moving faster!
You feel mighty!
You are feeling hungry.
Natasha stares at you and mumbles some strange words.
The magic dart hits you.
You die...

...###+# #!.........#
.# #...>......#
#..../.....#
#..........#
#.....?....#
#.....5....# ##+##
#.....5h5..# ##8.8##
#......@...###.....##
.######.#####8.....8##
#.####.........##
#...#8.........8##
#.#.'.....).....+.
#.###8....÷....8#. #.#
##.........##. #.#
##8..)..8##.. #.#
##.....##..#


You could see Natasha, 2 crimson imps and a shadow imp.

Vanquished Creatures
  An orc priest (D:3)
  An orc wizard (D:3)
  3 adders
  2 worms (D:2)
  A dart slug (D:1)
  3 leopard geckos
  3 orcs (D:3)
  2 ball pythons
  2 giant cockroaches
  7 goblins
  11 hobgoblins
  14 jackals (D:1)
  9 kobolds
  8 bats
  5 frilled lizards
  5 rats
77 creatures vanquished.

Notes
Turn   | Place    | Note
-------+----------+-------------------------------------------
     0 | D:1      | Fang the Gargoyle Berserker began the quest for the Orb.
     0 | D:1      | Reached XP level 1. HP: 14/14 MP: 1/1
   332 | D:1      | Reached XP level 2. HP: 18/19 MP: 2/2
   783 | D:1      | Reached XP level 3. HP: 16/23 MP: 3/3
  1130 | D:1      | Reached ** piety under Trog
  1871 | D:2      | Reached XP level 4. HP: 16/29 MP: 4/4
  2210 | D:2      | Reached skill level 4 in Fighting
  2794 | D:3      | Reached *** piety under Trog
  2794 | D:3      | Reached XP level 5. HP: 32/33 MP: 5/5
  2948 | D:3      | Noticed Natasha
  2962 | D:3      | Killed from afar by Natasha

Skill      XL: |  1  2  3  4 |
---------------+-------------+-----
Dodging        | 2 |  2.6
Axes           | 3 |  3.6
Armour         | 3 |  3.6
Fighting       | 4 |  4.3

Action                   |  1- 3 |  4- 6 || total
-------------------------+-------+-------++-------
Melee: Hand axe          |   106 |    83 ||   189
       War axe           |       |    40 ||    40
Invok: Berserk           |     2 |     2 ||     4
 Stab: Sleeping          |     1 |     1 ||     2
  Eat: Chunk             |     5 |     5 ||    10
Armor: Animal skin       |    41 |    40 ||    81
Dodge: Dodged            |   100 |    86 ||   186
